 Dungeon Sprint DCSS version 0.30.1-9-gdf580d7c3d (webtiles) character file.

Game seed: 9743037404448479531

2557 Heoruswealwe the Impaler (level 9, 0/93 HPs)
             Began as a Minotaur Fighter on Oct 19, 2023.
             Was an Initiate of Gozag.
             Slain by a centaur warrior (11 damage)
             ... in the Dungeon (Sprint IX: "|||||||||||||||||||||||||||||").
             The game lasted 00:03:56 (242 turns).

Heoruswealwe the Impaler (Minotaur Fighter)          Turns: 242, Time: 00:03:56

Health: 0/93       AC: 19    Str: 32    XL:     9   Next: 31%
Magic:  8/8        EV:  8    Int:  5    God:    Gozag
Gold:   504        SH:  0    Dex:  9    Spells: 8/8 levels left

rFire   . . .        b - +2 halberd of Virtue {holy, *Corrode Fragile rPois rN+++}
rCold   . . .        (shield currently unavailable)
rNeg    + + +        c - +0 plate armour
rPois   +            (helmet restricted)
rElec   .            (no cloak)
rCorr   .            f - +0 pair of gloves
SInv    .            e - +0 pair of boots
Will    .....        (no amulet) Stlth
                     k - +3 ring of strength
HPRegen 0.35/turn    j - +3 ring of strength
MPRegen 0.11/turn

%: no teleportation, corrode self (3%)
@: gold aura
A: horns 2, retaliatory headbutt
a: Renounce Religion, Potion Petition, Call Merchant, Bribe Branch


You were in the Dungeon.
You worshipped Gozag.
Gozag was pleased with you.
You visited 1 branch You collected 504 gold pieces.

Inventory:

Hand Weapons
 a - a +0 trident
 b - the +2 halberd of Virtue (weapon) {holy, *Corrode Fragile rPois rN+++}
   (You found it in the Dungeon)

   rPois:     It protects you from poison.
   rN:        It renders you almost immune to negative energy.
   *Corrode:  It may corrode you when you take damage.
   Fragile:   It will be destroyed if unequipped.
Armour
 c - a +0 plate armour (worn)
 d - a +0 buckler
 e - a +0 pair of boots (worn)
 f - a +0 pair of gloves (worn)
Jewellery
 j - a +3 ring of strength (right hand)
 k - a +3 ring of strength (left hand)
Wands
 h - a wand of roots (10)
Scrolls
 o - 2 scrolls of blinking
Potions
 g - a potion of haste
 i - a potion of berserk rage
 l - a potion of might
 m - 5 potions of curing
 n - 2 potions of heal wounds


   Skills:
 + Level 13.3 Fighting
 * Level 17.9 Polearms
 + Level 13.3 Armour
 - Level 3.6 Shields


You had 8 spell levels left.
You didn't know any spells.
Your spell library was empty.

Dungeon Overview and Level Annotations

Branches:
Dungeon (1/1)

Altars:
Cheibriados
Dithmenos
Elyvilon
Fedhas
Gozag
Hepliaklqana
Kikubaaqudgha
Makhleb
Nemelex Xobeh
Okawaru
Qazlal
Ru
Sif Muna
Trog
Uskayaw
Vehumet
Wu Jian
Xom
Yredelemnul
Zin
The Shining One
Jiyva
Lugonu


Innate Abilities, Weirdness & Mutations

You have a pair of horns on your head.
You reflexively headbutt those who attack you in melee.


Message History

Your base attributes are Str 24, Int 5, Dex 9.
Increase (S)trength, (I)ntelligence, or (D)exterity?
You feel stronger. x2
Reach: b) +2 halberd of Virtue {holy, *Corrode Fragile rPois rN+++}
Press: ? - help, Dir - move target, f - cyclops
Aim: a cyclops, quivering large rocks (unaware, hasn't noticed you, about 12% to evade the +2 halberd of Virtue)
You reach to attack!
The cyclops shouts!
You impale the cyclops!!
The cyclops is no longer distracted by gold.
The cyclops is heavily wounded.
Reach: b) +2 halberd of Virtue {holy, *Corrode Fragile rPois rN+++}
Press: ? - help, Dir - move target, f/p - cyclops
Aim: a cyclops, quivering large rocks (heavily wounded, about 12% to evade the +2 halberd of Virtue)
You reach to attack!
You hit the cyclops.
The cyclops is heavily wounded.
You slash the cyclops!
The cyclops is severely wounded.
You hit the cyclops but do no damage.
The cyclops is severely wounded.
The cyclops hits you but does no damage.
You completely miss the cyclops.
You headbutt the cyclops, but do no damage.
The cyclops is severely wounded.
You hit the cyclops. You headbutt the cyclops!
The cyclops is almost dead.
The cyclops hits you.
You hit the cyclops but do no damage.
The cyclops is almost dead.
You hit the cyclops but do no damage. You headbutt the cyclops.
You kill the cyclops!
The centaur warrior wields a +0 shortbow.
The centaur warrior shoots an arrow.
The arrow hits you!!
* * * LOW HITPOINT WARNING * * *
Your Fighting skill increases to level 13!
Your Armour skill increases to level 13!
The centaur warrior unwields a +0 shortbow.
The centaur warrior hits you!
You die...
Your body crumbles into a pile of gold.

▓.▓
▓.▓
$ $
▓.▓
$
▓.▓
$ $
▓.▓
$
▓.▓
$
▓$▓
▓$▓
▓@▓
▓c▓
▓.▓
▓.▓
▓.▓
▓+▓


You could see a centaur warrior.

Vanquished Creatures
  2 centaur warriors (D)
  2 cyclopes (D)
  A komodo dragon (D)
  A shadow (D)
  2 orc warriors (D)
  A scorpion (D)
  A killer bee (D)
  A howler monkey (D)
  A hound (D)
  An orc wizard (D)
  An adder (D)
  2 orcs (D)
  A ball python (D)
  An endoplasm (D)
  A hobgoblin (D)
  A kobold (D)
  A frilled lizard (D)
21 creatures vanquished.

Notes
Turn   | Place    | Note
-------+----------+-------------------------------------------
     0 | D        | Heoruswealwe the Minotaur Fighter began the quest for the
                  | Orb.
     0 | D        | Reached XP level 1. HP: 19/19 MP: 0/0
     6 | D        | Reached skill level 3 in Polearms
    19 | D        | Noticed a hound
    19 | D        | Noticed a scorpion
    28 | D        | Killed a hound
    29 | D        | Reached skill level 5 in Fighting
    29 | D        | Reached skill level 5 in Polearms
    29 | D        | Reached skill level 5 in Armour
    29 | D        | Reached XP level 2. HP: 19/29 MP: 1/1
    29 | D        | Reached XP level 3. HP: 23/36 MP: 2/2
    32 | D        | Reached skill level 6 in Polearms
    35 | D        | Killed a scorpion
    36 | D        | Reached skill level 7 in Polearms
    36 | D        | Reached XP level 4. HP: 32/45 MP: 3/3
    37 | D        | Reached skill level 8 in Polearms
    45 | D        | Found a snail-covered altar of Cheibriados.
    45 | D        | Found a shadowy altar of Dithmenos.
    45 | D        | Found a white marble altar of Elyvilon.
    45 | D        | Found a blossoming altar of Fedhas.
    45 | D        | Found an opulent altar of Gozag.
    46 | D        | Found a hazy altar of Hepliaklqana.
    47 | D        | Found a viscous altar of Jiyva.
    48 | D        | Found an ancient bone altar of Kikubaaqudgha.
    49 | D        | Found a corrupted altar of Lugonu.
    50 | D        | Found a burning altar of Makhleb.
    51 | D        | Found a sparkling altar of Nemelex Xobeh.
    52 | D        | Found an iron altar of Okawaru.
    53 | D        | Became a worshipper of Gozag Ym Sagoz the Greedy
    54 | D        | Found a stormy altar of Qazlal.
    55 | D        | Found a sacrificial altar of Ru.
    56 | D        | Found a shimmering blue altar of Sif Muna.
    57 | D        | Found a bloodstained altar of Trog.
    58 | D        | Found a hide-covered altar of Uskayaw.
    59 | D        | Found a radiant altar of Vehumet.
    60 | D        | Found an ornate altar of the Wu Jian Council.
    61 | D        | Found a shimmering altar of Xom.
    62 | D        | Found a basalt altar of Yredelemnul.
    63 | D        | Found a glowing silver altar of Zin.
    64 | D        | Found a glowing golden altar of the Shining One.
    80 | D        | Got the +2 halberd of Virtue {holy, *Corrode Fragile rPois
                  | rN+++}
   126 | D        | Noticed a komodo dragon
   126 | D        | Noticed an orc warrior
   126 | D        | Noticed an orc warrior
   128 | D        | Reached skill level 9 in Polearms
   128 | D        | Reached XP level 5. HP: 52/52 MP: 4/4
   134 | D        | Killed a komodo dragon
   135 | D        | Reached skill level 12 in Polearms
   135 | D        | Reached XP level 6. HP: 63/64 MP: 5/5
   141 | D        | Killed an orc warrior
   142 | D        | Reached XP level 7. HP: 66/71 MP: 6/6
   149 | D        | Reached skill level 10 in Fighting
   149 | D        | Reached skill level 13 in Polearms
   149 | D        | Reached skill level 10 in Armour
   211 | D        | Noticed a centaur warrior
   211 | D        | Noticed a centaur warrior
   211 | D        | Noticed a shadow
   211 | D        | Noticed a cyclops
   211 | D        | Noticed a cyclops
   211 | D        | Noticed a centaur warrior
   216 | D        | Killed a centaur warrior
   217 | D        | Reached skill level 15 in Polearms
   217 | D        | Reached XP level 8. HP: 66/82 MP: 7/7
   224 | D        | Killed a centaur warrior
   225 | D        | Reached skill level 16 in Polearms
   233 | D        | Killed a cyclops
   234 | D        | Reached skill level 17 in Polearms
   234 | D        | Reached XP level 9. HP: 30/92 MP: 8/8
   241 | D        | Killed a cyclops
   242 | D        | Slain by a centaur warrior

Illustrated notes

Levels and vault maps discovered:
D:        linesprint [early_d, line_temple, items_1, d_10, items_2, lair_1,
          lair_end, items_3, orc_1, orc_end, items_4, d_15, swamp_1, shoals_1,
          snake_1, spider_1, d_20, vaults_1, items_5, swamp_end, shoals_end,
          snake_end, spider_end, vaults_end, d_27, items_6, zot_1, zot_end,
          crypt_end, forest_end, elf_end, slime_end, tomb_end, abyss_end,
          pan_hell_end]

Skill      XL: |  1  2  3  4  5  6  7  8  9 |
---------------+----------------------------+-----
Polearms       | 5 7 9 12 15 17 | 17.9
Fighting       | 5 6 7 9 11 12 13 | 13.3
Armour         | 5 6 7 9 11 12 13 | 13.3
Shields        | |  3.6

Action                     |  1- 3 |  4- 6 |  7- 9 || total
---------------------------+-------+-------+-------++-------
  Melee: Trident           |    24 |     2 |       ||    26
         Headbutt          |     4 |     3 |     7 ||    14
         Halberd           |       |    15 |    40 ||    55
    Use: Potion            |       |       |     1 ||     1
 Armour: Scale mail        |     9 |       |       ||     9
         Chain mail        |       |     4 |     5 ||     9
         Plate armour      |       |       |    11 ||    11
  Dodge: Dodged            |     9 |     6 |     9 ||    24
  Block: Buckler           |     6 |       |       ||     6
